[ PARTIDA AOE2 · #459087847 ]
1v1 RMHunos vs Persians
Equipo del jugador · DERR
Equipo rival · VICT
[ ANÁLISIS DE REPETICIÓN · EXTRAÍDO DE LA PARTIDA GRABADA ]
Feudal
10:14
Castillos
17:21
Imperial
34:52
| APM promedio | 27.4 |
| APM pico | 103 |
| eAPM promedio | 15.1 |
| Aldeanos / militares | 102 / 62 |
Foco
⚔️ 32.6% · 🌾 67.4%
Cavalry Archer ×23 · Tarkan ×20 · Knight ×14 · Mangonel ×3 · Trebuchet (Packed) ×2
Feudal
10:07
Castillos
14:20
Imperial
34:15
| APM promedio | 21.7 |
| APM pico | 56 |
| eAPM promedio | 15.5 |
| Aldeanos / militares | 82 / 72 |
Foco
⚔️ 34.4% · 🌾 65.6%
Knight ×24 · Spearman ×22 · Archer ×11 · Battering Ram ×7 · Trebuchet (Packed) ×3 · Mangonel ×2
Mapa de la partida
Recursos iniciales + cada clic de construcción. Líneas = muros · curvas = relieve. ◆ oro · ⬟ piedra · ● bayas · ✦ reliquia · ◌ hueco del cierre
Tu base· ✓ Cerrada en 17:21 · 1t muro · 4 puerta(s)
Base de Bre22· ✓ Cerrada en 14:20 · 35t muro · 3 puerta(s)
Terreno inicial suavizado · ◌ = hueco del cierre detectado · pasá el cursor para detalles
Inputs por minuto
— MIKEROOS - - Bre22
Build order — MIKEROOS
Primeras 150 de 253 acciones detectadas
| 0:05 | Crear | Villager (Male) |
| 0:06 | Crear | Villager (Male) |
| 0:06 | Crear | Villager (Male) |
| 0:06 | Crear | Villager (Male) |
| 0:06 | Crear | Villager (Male) |
| 1:41 | Crear | Villager (Male) |
| 1:42 | Crear | Villager (Male) |
| 1:58 | Crear | Villager (Male) |
| 1:58 | Crear | Villager (Male) |
| 2:24 | Crear | Villager (Male) |
| 2:24 | Crear | Villager (Male) |
| 2:24 | Crear | Villager (Male) |
| 3:29 | Crear | Villager (Male) |
| 3:30 | Crear | Villager (Male) |
| 3:30 | Crear | Villager (Male) |
| 3:30 | Crear | Villager (Male) |
| 3:30 | Crear | Villager (Male) |
| 4:20 | Crear | Villager (Male) |
| 4:21 | Crear | Villager (Male) |
| 4:21 | Crear | Villager (Male) |
| 4:37 | Crear | Villager (Male) |
| 4:37 | Crear | Villager (Male) |
| 4:37 | Crear | Villager (Male) |
| 4:55 | Crear | Villager (Male) |
| 4:55 | Crear | Villager (Male) |
| 6:05 | Crear | Villager (Male) |
| 6:05 | Crear | Villager (Male) |
| 6:36 | Construir | Mill |
| 6:45 | Construir | Lumber Camp |
| 6:52 | Crear | Villager (Male) |
| 6:53 | Investigar | Loom |
| 7:10 | Construir | Farm |
| 7:13 | Investigar | Feudal Age |
| 7:18 | Construir | Farm |
| 7:46 | Construir | Farm |
| 8:43 | Construir | Lumber Camp |
| 8:59 | Crear | Villager (Male) |
| 8:59 | Crear | Villager (Male) |
| 9:00 | Crear | Villager (Male) |
| 9:01 | Crear | Villager (Male) |
| 9:01 | Crear | Villager (Male) |
| 9:01 | Crear | Villager (Male) |
| 9:01 | Crear | Villager (Male) |
| 9:02 | Crear | Villager (Male) |
| 9:02 | Crear | Villager (Male) |
| 9:02 | Crear | Villager (Male) |
| 9:47 | Construir | Barracks |
| 9:55 | Construir | Palisade Wall |
| 10:14 | Edad | Edad Feudal |
| 10:32 | Construir | Farm |
| 10:33 | Construir | Farm |
| 10:34 | Construir | Farm |
| 10:37 | Construir | Farm |
| 11:08 | Construir | Mining Camp |
| 11:19 | Investigar | Double-Bit Axe |
| 11:19 | Investigar | Double-Bit Axe |
| 11:34 | Construir | Farm |
| 12:02 | Construir | Farm |
| 12:24 | Construir | Farm |
| 12:52 | Construir | Blacksmith |
| 13:00 | Crear | Villager (Male) |
| 13:05 | Construir | Market |
| 13:18 | Construir | Farm |
| 13:28 | Investigar | Horse Collar |
| 13:33 | Crear | Villager (Male) |
| 13:44 | Construir | Farm |
| 14:03 | Crear | Villager (Male) |
| 14:07 | Construir | Farm |
| 14:33 | Construir | Farm |
| 14:41 | Investigar | Castle Age |
| 15:18 | Construir | Mining Camp |
| 15:33 | Investigar | Stone Mining |
| 15:34 | Investigar | Gold Mining |
| 15:44 | Investigar | Fletching |
| 15:50 | Crear | Villager (Male) |
| 15:50 | Crear | Villager (Male) |
| 15:51 | Crear | Villager (Male) |
| 16:39 | Construir | Stable |
| 16:48 | Crear | Villager (Male) |
| 16:51 | Investigar | Scale Barding Armor |
| 17:21 | Edad | Edad de los Castillos |
| 17:25 | Crear | Villager (Male) |
| 18:17 | Construir | Town Center |
| 18:27 | Crear | Villager (Male) |
| 18:53 | Crear | Knight |
| 18:55 | Crear | Knight |
| 19:00 | Investigar | Forging |
| 19:05 | Crear | Villager (Male) |
| 19:06 | Crear | Villager (Male) |
| 19:33 | Construir | Lumber Camp |
| 19:39 | Crear | Villager (Male) |
| 19:39 | Crear | Villager (Male) |
| 19:39 | Crear | Villager (Male) |
| 19:46 | Construir | Farm |
| 19:57 | Crear | Villager (Male) |
| 20:01 | Construir | Farm |
| 20:02 | Crear | Villager (Male) |
| 20:31 | Crear | Villager (Male) |
| 20:36 | Construir | Farm |
| 20:41 | Investigar | Bloodlines |
| 20:49 | Crear | Villager (Male) |
| 20:52 | Construir | Farm |
| 20:54 | Investigar | Wheelbarrow |
| 21:01 | Investigar | Wheelbarrow |
| 21:47 | Construir | Town Center |
| 21:52 | Crear | Villager (Male) |
| 21:52 | Crear | Villager (Male) |
| 21:52 | Crear | Villager (Male) |
| 22:15 | Crear | Knight |
| 22:15 | Crear | Knight |
| 22:18 | Crear | Villager (Male) |
| 22:18 | Crear | Villager (Male) |
| 22:18 | Crear | Villager (Male) |
| 23:12 | Construir | Farm |
| 23:13 | Crear | Villager (Male) |
| 23:21 | Construir | Farm |
| 23:23 | Construir | Farm |
| 23:26 | Construir | Farm |
| 23:29 | Investigar | Hand Cart |
| 23:47 | Crear | Villager (Male) |
| 23:47 | Crear | Villager (Male) |
| 23:47 | Crear | Villager (Male) |
| 23:47 | Crear | Villager (Male) |
| 23:53 | Construir | Farm |
| 23:58 | Construir | Farm |
| 24:00 | Investigar | Town Watch |
| 24:08 | Crear | Knight |
| 24:08 | Crear | Knight |
| 24:20 | Construir | Farm |
| 24:28 | Investigar | Bow Saw |
| 24:31 | Investigar | Heavy Plow |
| 24:49 | Crear | Villager (Male) |
| 24:49 | Crear | Villager (Male) |
| 24:49 | Crear | Villager (Male) |
| 25:31 | Construir | Castle |
| 25:37 | Construir | Barracks |
| 26:02 | Construir | Stable |
| 26:09 | Construir | Palisade Wall |
| 26:10 | Construir | Palisade Wall |
| 26:17 | Crear | Villager (Male) |
| 26:17 | Crear | Villager (Male) |
| 26:42 | Crear | Knight |
| 26:42 | Crear | Knight |
| 26:42 | Crear | Knight |
| 26:42 | Crear | Knight |
| 26:43 | Crear | Knight |
| 26:43 | Crear | Knight |
| 26:51 | Construir | Siege Workshop |
| 26:52 | Crear | Villager (Male) |
| 27:32 | Crear | Mangonel |
Build order — Bre22
Primeras 150 de 258 acciones detectadas
| 0:00 | Crear | Villager (Male) |
| 0:01 | Crear | Villager (Male) |
| 0:01 | Crear | Villager (Male) |
| 0:02 | Construir | House |
| 0:04 | Construir | House |
| 0:37 | Crear | Villager (Male) |
| 0:37 | Crear | Villager (Male) |
| 1:07 | Crear | Villager (Male) |
| 1:40 | Construir | Lumber Camp |
| 1:42 | Crear | Villager (Male) |
| 2:34 | Crear | Villager (Male) |
| 2:52 | Crear | Villager (Male) |
| 3:16 | Crear | Villager (Male) |
| 3:39 | Construir | House |
| 3:41 | Construir | House |
| 3:54 | Crear | Villager (Male) |
| 4:03 | Construir | Mill |
| 4:12 | Crear | Villager (Male) |
| 4:36 | Crear | Villager (Male) |
| 5:02 | Crear | Villager (Male) |
| 5:40 | Crear | Villager (Male) |
| 5:40 | Crear | Villager (Male) |
| 6:07 | Crear | Villager (Male) |
| 6:26 | Crear | Villager (Male) |
| 6:27 | Investigar | Loom |
| 6:35 | Crear | Villager (Male) |
| 6:39 | Investigar | Loom |
| 6:59 | Construir | Mining Camp |
| 7:31 | Construir | Mill |
| 8:01 | Investigar | Feudal Age |
| 10:07 | Edad | Edad Feudal |
| 10:09 | Construir | Market |
| 10:11 | Construir | Blacksmith |
| 10:13 | Construir | House |
| 10:18 | Construir | Palisade Wall |
| 11:13 | Construir | Palisade Wall |
| 11:55 | Investigar | Castle Age |
| 12:19 | Construir | Palisade Wall |
| 12:31 | Construir | House |
| 12:48 | Investigar | Double-Bit Axe |
| 13:13 | Construir | Palisade Wall |
| 13:32 | Construir | Palisade Wall |
| 14:11 | Crear | Villager (Male) |
| 14:11 | Crear | Villager (Male) |
| 14:20 | Edad | Edad de los Castillos |
| 14:23 | Construir | Town Center |
| 15:19 | Construir | Palisade Wall |
| 15:38 | Construir | Barracks |
| 15:42 | Crear | Villager (Male) |
| 15:43 | Crear | Villager (Male) |
| 15:43 | Crear | Villager (Male) |
| 15:43 | Crear | Villager (Male) |
| 15:43 | Crear | Villager (Male) |
| 15:54 | Construir | Farm |
| 16:04 | Construir | Farm |
| 16:15 | Construir | Farm |
| 16:17 | Construir | Farm |
| 16:25 | Construir | Farm |
| 16:28 | Construir | Farm |
| 16:38 | Construir | Farm |
| 16:47 | Construir | Farm |
| 16:55 | Construir | Farm |
| 16:58 | Crear | Villager (Male) |
| 17:01 | Crear | Villager (Male) |
| 17:01 | Crear | Villager (Male) |
| 17:01 | Crear | Villager (Male) |
| 17:25 | Crear | Spearman |
| 17:53 | Crear | Spearman |
| 18:04 | Construir | Palisade Gate |
| 18:08 | Construir | Palisade Wall |
| 18:16 | Construir | Farm |
| 18:18 | Crear | Villager (Male) |
| 18:19 | Crear | Villager (Male) |
| 18:24 | Construir | House |
| 18:25 | Construir | House |
| 18:28 | Construir | House |
| 18:29 | Construir | House |
| 18:31 | Construir | House |
| 18:34 | Construir | Palisade Wall |
| 18:39 | Crear | Villager (Male) |
| 18:39 | Crear | Villager (Male) |
| 18:51 | Construir | Farm |
| 19:03 | Construir | Town Center |
| 19:05 | Crear | Villager (Male) |
| 19:05 | Crear | Villager (Male) |
| 19:20 | Construir | Stable |
| 19:23 | Crear | Villager (Male) |
| 19:36 | Construir | Farm |
| 19:53 | Construir | Farm |
| 19:56 | Investigar | Wheelbarrow |
| 20:28 | Construir | Monastery |
| 20:32 | Crear | Villager (Male) |
| 20:33 | Crear | Villager (Male) |
| 20:33 | Crear | Villager (Male) |
| 20:57 | Investigar | Horse Collar |
| 21:01 | Crear | Spearman |
| 21:01 | Crear | Spearman |
| 21:19 | Construir | Siege Workshop |
| 21:22 | Crear | Knight |
| 21:22 | Crear | Knight |
| 21:36 | Construir | Archery Range |
| 21:41 | Crear | Villager (Male) |
| 21:41 | Crear | Villager (Male) |
| 21:45 | Construir | Farm |
| 21:48 | Crear | Villager (Male) |
| 21:59 | Construir | Lumber Camp |
| 22:01 | Crear | Monk |
| 22:10 | Crear | Villager (Male) |
| 22:10 | Crear | Villager (Male) |
| 22:18 | Crear | Villager (Male) |
| 22:23 | Crear | Villager (Male) |
| 22:23 | Crear | Villager (Male) |
| 22:28 | Construir | Farm |
| 22:35 | Crear | Knight |
| 22:43 | Crear | Spearman |
| 22:43 | Crear | Spearman |
| 23:08 | Construir | Farm |
| 23:09 | Construir | Farm |
| 23:12 | Investigar | Heavy Plow |
| 23:25 | Construir | House |
| 23:26 | Construir | House |
| 23:32 | Investigar | Bloodlines |
| 23:42 | Crear | Villager (Male) |
| 23:46 | Crear | Villager (Male) |
| 23:46 | Crear | Villager (Male) |
| 23:47 | Crear | Villager (Male) |
| 24:10 | Investigar | Gold Mining |
| 24:14 | Construir | Farm |
| 24:17 | Investigar | Forging |
| 24:25 | Crear | Knight |
| 24:37 | Construir | Siege Workshop |
| 24:40 | Crear | Spearman |
| 24:40 | Crear | Spearman |
| 24:45 | Construir | Farm |
| 24:47 | Crear | Villager (Male) |
| 24:54 | Crear | Villager (Male) |
| 25:51 | Crear | Battering Ram |
| 26:28 | Construir | Stable |
| 26:47 | Crear | Battering Ram |
| 27:01 | Construir | Farm |
| 27:02 | Crear | Villager (Male) |
| 27:03 | Crear | Villager (Male) |
| 27:03 | Crear | Villager (Male) |
| 27:03 | Crear | Villager (Male) |
| 27:14 | Investigar | Town Watch |
| 27:22 | Crear | Battering Ram |
| 27:43 | Crear | Battering Ram |
| 28:05 | Investigar | Pikeman (upgrade) |
| 28:06 | Crear | Spearman |
| 28:06 | Crear | Spearman |
Cronología de la partida
| 9:47 | MIKEROOS · first_building Barracks |
| 9:55 | MIKEROOS · wall_segment Palisade Wall x1 |
| 10:07 | Bre22 · age_up feudal |
| 10:14 | MIKEROOS · age_up feudal |
| 10:18 | Bre22 · wall_segment Palisade Wall x11 |
| 11:13 | Bre22 · wall_segment Palisade Wall x5 |
| 12:19 | Bre22 · wall_segment Palisade Wall x5 |
| 13:13 | Bre22 · wall_segment Palisade Wall x9 |
| 13:32 | Bre22 · wall_segment Palisade Wall x5 |
| 14:20 | Bre22 · age_up castle |
| 14:41 | MIKEROOS · first_market_sell 100 wood |
| 15:19 | Bre22 · wall_segment Palisade Wall x6 |
| 15:38 | Bre22 · first_building Barracks |
| 16:11 | Bre22 · first_market_buy 100 wood |
| 16:39 | MIKEROOS · first_building Stable |
| 17:21 | MIKEROOS · age_up castle |
| 18:08 | Bre22 · wall_segment Palisade Wall x4 |
| 18:34 | Bre22 · wall_segment Palisade Wall x1 |
| 19:20 | Bre22 · first_building Stable |
| 20:28 | Bre22 · first_building Monastery |
| 21:19 | Bre22 · first_building Siege Workshop |
| 21:36 | Bre22 · first_building Archery Range |
| 23:37 | Bre22 · first_market_sell 100 wood |
| 25:31 | MIKEROOS · first_building Castle |
| 26:09 | MIKEROOS · wall_segment Palisade Wall x1 |
| 26:10 | MIKEROOS · wall_segment Palisade Wall x1 |
| 26:51 | MIKEROOS · first_building Siege Workshop |
| 29:21 | Bre22 · first_building Castle |
| 31:23 | MIKEROOS · first_building Archery Range |
| 34:15 | Bre22 · age_up imperial |
| 34:52 | MIKEROOS · age_up imperial |
| 41:41 | MIKEROOS · resign |
[ ANÁLISIS IA · 1 CRÉDITO ]
¿Qué pasó realmente en esta partida?
Wolo.gg analiza cada decisión: build order, eco, micro, errores típicos por bracket. Análisis personalizado por WhatsApp o Discord en 30 segundos.
Guía civ
Hunos
Guía mapa
Hideout
Perfil
Jugador #14508300